 Dungeon Crawl Stone Soup version 0.18.0-2-g198d6d4 (webtiles) character file.

182631 Chiseanne the Eclecticist (level 17, -14/101 HPs)
             Began as a Demonspawn Wizard on May 5, 2016.
             Was an Initiate of Gozag.
             Killed from afar by a Brimstone Fiend (36 damage)
             ... with damnation
             ... summoned by a deep elf demonologist
             ... on level 3 of the Elven Halls.
             The game lasted 03:11:37 (54436 turns).

Chiseanne the Eclecticist (Demonspawn Wizard)      Turns: 54436, Time: 03:11:37

Health: -14/101    AC: 18    Str: 12    XL:     17   Next: 71%
Magic:  34/41      EV: 12    Int: 28    God:    Gozag
Gold:   2407       SH: 14    Dex: 10    Spells: 11 memorised, 16 levels left

rFire  + . .     SeeInvis +     a - +5 short sword "Qaeracam" {pierce, Fragile rElec rPois Str-4}
rCold  + + +     Gourm    .     J - +2 robe {rC+}
rNeg   + . .     Faith    .     w - +3 buckler {rC+}
rPois  +         Spirit   .     (helmet unavailable)
rElec  +         Dismiss  .     Q - +0 cloak {MR+}
rCorr  .         Reflect  +     v - +2 pair of gloves {Str+3}
SustAt .         Harm     .     k - +2 pair of boots {run}
MR     +++..                    f - +5 amulet of reflection
Stlth  +.........               h - ring "Wiack" {rF+ Str+4 Int+3}
                                c - ring of protection from magic

@: repel missiles, quick, extremely resistant to hostile enchantments, very
unstealthy
A: antennae 3, rough black scales 2, cold resistance 1, negative energy
resistance 1, spiny 2, freezing cloud immunity
a: Potion Petition, Call Merchant, Bribe Branch, Renounce Religion


You were on level 3 of the Elven Halls.
You worshipped Gozag.
Gozag was noncommittal.
You were not hungry.

You visited 5 branches of the dungeon, and saw 29 of its levels.
You also visited: Ice Cave and Wizlab.

You collected 18228 gold pieces.
You spent 7620 gold pieces at shops.
You paid 8201 gold pieces to Gozag.

Inventory:

Hand Weapons
 a - the +5 short sword "Qaeracam" (weapon) {pierce, Fragile rElec rPois Str-4}
   (You found it on level 11 of the Dungeon)

   It inflicts extra damage upon your enemies.
   It affects your strength (-4).
   It insulates you from electricity.
   It protects you from poison.
   It will be destroyed if unequipped.
Armour
 k - a +2 pair of boots of running (worn)
 v - a +2 pair of gloves of strength (worn)
 w - a +3 buckler of cold resistance (worn)
 J - a +2 robe of cold resistance (worn)
 Q - a +0 cloak of magic resistance (worn)
Jewellery
 c - a ring of protection from magic (left hand)
 f - a +5 amulet of reflection (around neck)
 h - the ring "Wiack" (right hand) {rF+ Str+4 Int+3}
   (You bought it in a shop on level 13 of the Dungeon)

   [ring of intelligence]

   It affects your strength (+4).
   It affects your intelligence (+3).
   It protects you from fire.
 H - a +6 ring of slaying
Wands
 n - a wand of disintegration (8/24)
Scrolls
 d - a scroll of blinking
 e - 6 scrolls of fear
 g - 3 scrolls of immolation
 s - 3 scrolls of recharging
 t - 8 scrolls of remove curse
 C - 11 scrolls of identify
 U - 9 scrolls of teleportation
Potions
 b - 9 potions of curing
 j - 3 potions of heal wounds
 p - a potion of haste
 u - 2 potions of ambrosia
 E - 6 potions of cancellation
 I - 2 potions of agility
 N - 4 potions of flight
Comestibles
 z - 18 meat rations


   Skills:
 - Level 1.7 Dodging
 - Level 1.7 Stealth
 - Level 10.1 Shields
 - Level 20.0 Spellcasting
 - Level 11.6 Conjurations
 - Level 1.0 Summonings
 - Level 0.8 Translocations
 - Level 10.0 Fire Magic
 * Level 12.4 Air Magic


You had 16 spell levels left.
You knew the following spells:

 Your Spells              Type           Power        Failure   Level  Hunger
a - Magic Dart            Conj           ####         0%          1    None
b - Iskenderun's Battles  Conj/Chrm      ######..     4%          5    None
c - Bolt of Fire          Conj/Fire      ######....   2%          6    None
d - Iskenderun's Mystic   Conj           #######.     1%          4    None
e - Conjure Ball Lightni  Conj/Air       #######...   1%          6    None
f - Summon Lightning Spi  Summ/Air       ######..     1%          4    None
g - Airstrike             Air            #######...   1%          4    None
h - Mephitic Cloud        Conj/Pois/Air  ######..     1%          3    None
i - Conjure Flame         Conj/Fire      ######..     1%          3    None
j - Repel Missiles        Chrm/Air       ######       1%          2    None
k - Blink                 Tloc           N/A          1%          2    None


Dungeon Overview and Level Annotations

Branches:
Dungeon (15/15)            Temple (1/1) D:4            Lair (8/8) D:11
 Shoals (0/4) Lair:5       Spider (0/4) Lair:6        Slime (0/6) Lair:8
    Orc (2/2) D:10            Elf (3/3) Orc:2        Vaults (0/5) D:13
 Depths (0/5) D:15

Altars:
Ashenzari
Cheibriados
Dithmenos
Elyvilon
Fedhas
Gozag
Kikubaaqudgha
Makhleb
Nemelex Xobeh
Okawaru
Pakellas
Qazlal
Ru
Sif Muna
Trog
Vehumet
Xom
Yredelemnul
Zin
The Shining One
Jiyva

Shops:
D:7 *   D:9 =   D:11 :   D:12 %   D:13 =   D:14 [   D:15 =[   Orc:2 *((*
Elf:1 ?   Elf:3 }   Lair:2 [   Lair:5 =

Portals:
Trove: D:15 (give 2 scrolls of acquirement)

Annotations:
D:9 exclusion: downstairs
D:11 exclusion: obsidian statue
D:15 exclusion: Roxanne, Roxanne
Elf:1 exclusion: downstairs
Elf:2 exclusion: orange crystal statue


Innate Abilities, Weirdness & Mutations

You have a pair of large antennae on your head (SInv).
You are mostly covered in rough black scales (AC +7, Dex -2).
Your flesh is cold resistant.
You resist negative energy.
You are mostly covered in sharp spines.
You are immune to freezing clouds.


Message History

Read which item? (? for menu, Esc to quit)
As you read the scroll of fog, it crumbles to dust.
The scroll dissolves into smoke.
The deep elf demonologist is engulfed in noxious fumes.
The deep elf demonologist hits the rust devil but does no damage.
The deep elf demonologist is engulfed in noxious fumes.
You enter the shallow water.
Moving in this stuff is going to be slow.
The Brimstone Fiend gestures at you.
The damnation unfurls!
The damnation engulfs you!
* * * LOW HITPOINT WARNING * * *
Drink which item? (? for menu, Esc to quit)
You feel much better.
The Brimstone Fiend calls on the powers of darkness!
Your body is wracked with pain!
* * * LOW HITPOINT WARNING * * *
The Brimstone Fiend gestures at you.
The damnation unfurls!
The damnation engulfs you!
You die...
Your body crumbles into a pile of gold.

#.#.### #..## #..# ##..#
#...# ##..# ###..##
#.....# ###≈@## #≈≈#
***********#≈≈#***********
*,$,,$,,{{*#.4#*{$,$,$,$,*
*,,,,,,,,$*#..#*$$$,$,$,,*
*,,,,,,,,,*#).#*,$,$,$,$,*
*,$,,,,,,,*#1§#*$,$,$,$,,*
***+*******#§.#*********,*
*$$$* ######.§######,,,,,*


You could see a Brimstone Fiend and a rust devil.

Vanquished Creatures
  Rupert (D:15)
  A deep elf blademaster (Elf:3)
  Gastronok (D:11)
  2 deep elf sorcerers
  4 deep elf elementalists (Elf:3)
  A stone giant (Orc:2)
  A deep elf demonologist (Elf:3)
  4 deep elf annihilators
  Azrael (D:15)
  Snorg (Lair:6)
  3 deep elf death magi (Elf:3)
  2 deep elf high priests (Elf:3)
  4 vault guards
  A fire dragon (Lair:8)
  Harold (Lair:2)
  A yaktaur captain (D:15)
  Fannar (Lair:2)
  12 hydras
  A death knight (D:15)
  2 ogre magi (D:15)
  2 catoblepae
  4 centaur warriors
  6 death yaks
  5 orc high priests (Orc:2)
  Urug (Lair:2)
  Nergalle (Lair:2)
  7 deep elf knights
  3 unseen horrors
  Pikel (D:4)
  A phantasmal warrior (D:14)
  6 deep elf archers
  7 orc knights
  11 hill giants
  A lindwurm (Lair:7)
  A wizard (D:15)
  3 griffons
  2 wolf spiders (Lair:8)
  6 ugly things
  An oklob plant (Lair:5)
  A wolf spider zombie (D:13)
  3 orc sorcerers
  24 deep elf magi
  4 manticores
  2 ice statues (IceCv)
  28 elephants
  6 cyclopes
  A guardian serpent (Lair:8)
  8 black mambas
  3 torpor snails
  A gargoyle (D:13)
  22 spiny frogs
  5 kobold demonologists
  An efreet (D:14)
  A freezing wraith (D:15)
  2 yaktaurs (D:15)
  4 komodo dragons
  10 rime drakes
  10 ice devils (IceCv)
  8 trolls
  Grinder (D:5)
  21 blink frogs
  9 two-headed ogres
  A wind drake (shapeshifter) (Elf:2)
  5 polar bears
  12 slime creatures
  A snapping turtle (Lair:5)
  A redback (Lair:8)
  An air elemental (Elf:2)
  3 shadows
  3 water elementals
  2 wraiths
  A spriggan (D:9)
  74 yaks
  A vampire (D:13)
  A tarantella (shapeshifter) (Elf:2)
  13 wyverns
  Grum (D:11)
  6 fire elementals
  11 basilisks
  20 hippogriffs
  3 hungry ghosts
  3 steam dragons
  A golden eye (shapeshifter) (Elf:3)
  3 wargs
  Menkaure (D:5)
  2 vampire mosquitoes (D:14)
  6 mottled dragons
  33 water moccasins
  2 hell hounds (D:15)
  11 porcupines
  10 sky beasts
  3 slaves
  A swamp drake (Lair:8)
  An eye of draining (D:13)
  35 orc warriors
  7 ice beasts
  4 black bears
  6 wasps
  21 ogres
  2 phantoms
  3 necrophages
  18 centaurs
  37 wolves
  23 crocodiles
  An elf zombie (Elf:2)
  8 big kobolds
  25 giant frogs
  A wyvern zombie (D:14)
  3 earth elementals
  7 gnoll sergeants (D:10)
  A water moccasin zombie (D:10)
  7 scorpions
  A water moccasin skeleton (D:7)
  18 killer bees
  14 wights
  3 electric eels
  9 howler monkeys
  15 crimson imps
  6 centaur zombies
  2 giant frog zombies
  A quasit (D:8)
  7 jellies
  A giant frog skeleton (D:12)
  11 hounds
  16 orc wizards
  4 centaur skeletons
  28 orc priests
  Jessica (D:3)
  Terence (D:2)
  Ijyb (D:3)
  Natasha (thrice) (D:2)
  5 iguanas
  14 worker ants
  28 sheep
  Robin (D:1)
  4 gnolls
  A howler monkey skeleton (D:10)
  23 adders
  81 river rats
  4 shadow imps
  17 white imps
  5 ufetubi (IceCv)
  2 adder skeletons
  4 worms
  2 dart slugs
  4 giant geckos
  86 orcs
  A ball python (D:8)
  9 bats
  10 giant cockroaches
  23 goblins
  5 hobgoblins
  7 jackals
  21 kobolds
  5 quokkas
  6 giant newts
  3 rats
  A bush (Lair:2)
  31 fungi
  33 plants
1313 creatures vanquished.

Vanquished Creatures (collateral kills)
  A hill giant (D:10)
  Maurice (D:13)
  A kobold demonologist (D:13)
  2 orc warriors
  A big kobold (D:13)
  An orc priest (D:13)
  An orc wizard (D:10)
  A gnoll (D:10)
  A shadow imp (D:13)
  An orc (D:13)
  A kobold (D:13)
12 creatures vanquished.

Vanquished Creatures (others)
  4 dancing weapons
  2 centaur warriors
  3 deep elf archers
  2 deep elf magi (Elf:1)
  718 ball lightnings
  A cyclops (D:15)
  4 yaktaurs (D:15)
  2 centaurs
  A killer bee (D:10)
  2 white imps (IceCv)
  5 ufetubi (IceCv)
  An orc (D:3)
  A giant newt (D:4)
  A kobold (D:9)
  80 fungi
  42 plants
869 creatures vanquished.

Grand Total: 2194 creatures vanquished

Notes
Turn   | Place    | Note
--------------------------------------------------------------
     0 | D:1      | Chiseanne the Demonspawn Wizard began the quest for the Orb.
     0 | D:1      | Reached XP level 1. HP: 13/13 MP: 4/4
   302 | D:1      | Gained mutation: Your flesh is cold resistant. [demonic ancestry]
   302 | D:1      | Reached XP level 2. HP: 19/19 MP: 0/6
   363 | D:1      | Learned a level 2 spell: Blink
   366 | D:1      | Learned a level 2 spell: Repel Missiles
  1132 | D:2      | Noticed Robin
  1289 | D:2      | Reached XP level 3. HP: 24/24 MP: 5/8
  1343 | D:1      | Learned a level 3 spell: Mephitic Cloud
  1680 | D:1      | Killed Robin
  1986 | D:2      | Reached skill level 4 in Spellcasting
  1986 | D:2      | Gained mutation: You are partially covered in rough black scales (AC +4, Dex -1). [demonic ancestry]
  1986 | D:2      | Reached XP level 4. HP: 30/30 MP: 5/10
  2005 | D:2      | Noticed Terence
  2035 | D:2      | Killed Terence
  2296 | D:2      | Found a stormy altar of Qazlal.
  2584 | D:2      | Found a sparkling altar of Nemelex Xobeh.
  2655 | D:2      | Noticed Natasha
  2660 | D:2      | Killed Natasha
  2660 | D:2      | Gained mutation: You are partially covered in sharp spines. [demonic ancestry]
  2660 | D:2      | Reached XP level 5. HP: 35/35 MP: 5/11
  2762 | D:2      | Noticed Natasha
  2770 | D:2      | Killed Natasha
  2884 | D:2      | Noticed Natasha
  2890 | D:2      | Killed Natasha
  3104 | D:3      | Noticed Ijyb
  3116 | D:3      | Killed Ijyb
  3588 | D:3      | Reached skill level 5 in Spellcasting
  3729 | D:3      | Noticed Jessica
  3734 | D:3      | Killed Jessica
  3734 | D:3      | Reached XP level 6. HP: 41/41 MP: 7/13
  3742 | D:3      | Found a deep blue altar of Sif Muna.
  4227 | D:4      | Noticed a slave
  4228 | D:4      | Noticed Pikel
  4386 | D:3      | Learned a level 3 spell: Conjure Flame
  4389 | D:4      | Noticed a slave
  4411 | D:3      | Killed a slave
  4532 | D:4      | Noticed a slave
  4549 | D:4      | Noticed a slave
  4561 | D:4      | Killed a slave
  4572 | D:4      | Killed a slave
  4601 | D:4      | Killed Pikel
  4601 | D:4      | Reached skill level 6 in Spellcasting
  4601 | D:4      | Reached XP level 7. HP: 37/46 MP: 3/16
  5051 | D:4      | Gained mutation: You are mostly covered in sharp spines. [demonic ancestry]
  5051 | D:4      | Reached XP level 8. HP: 45/52 MP: 14/18
  5265 | D:4      | Found a staircase to the Ecumenical Temple.
  5299 | D:4      | Reached skill level 7 in Spellcasting
  5332 | Temple   | Entered the Ecumenical Temple
  5369 | Temple   | Became a worshipper of Gozag Ym Sagoz the Greedy
  5759 | D:5      | Entered Level 5 of the Dungeon
  5768 | D:5      | Noticed Menkaure
  5772 | D:5      | Killed Menkaure
  5813 | D:5      | Found a shimmering altar of Xom.
  5918 | D:5      | Noticed Grinder
  5919 | D:5      | Paralysed by Grinder for 2 turns
  5933 | D:5      | Paralysed by Grinder for 4 turns
  5952 | D:5      | Killed Grinder
  6191 | D:5      | Reached skill level 8 in Spellcasting
  6451 | D:5      | Gained mutation: You have a pair of small antennae on your head. [demonic ancestry]
  6451 | D:5      | Reached XP level 9. HP: 57/57 MP: 2/21
  6880 | D:6      | Found a sacrificial altar of Ru.
  6882 | D:6      | Found a deep blue altar of Sif Muna.
  7381 | D:6      | Found a shadowy altar of Dithmenos.
  7751 | D:6      | Found a basalt altar of Yredelemnul.
  7753 | D:6      | Found a shattered altar of Ashenzari.
  7754 | D:6      | Found a bloodstained altar of Trog.
  8155 | D:7      | Found Kilo's Assorted Antiques.
  8170 | D:7      | Bought a garnet ring for 120 gold pieces
  8170 | D:7      | Bought a scroll of identify for 48 gold pieces
  8170 | D:7      | Bought a scratched onyx ring for 120 gold pieces
  8405 | D:7      | Reached skill level 9 in Spellcasting
  9685 | D:9      | Reached skill level 10 in Conjurations
  9777 | D:8      | Reached skill level 1 in Shields
 10024 | D:9      | Gained mutation: You have a pair of antennae on your head. [demonic ancestry]
 10024 | D:9      | Reached XP level 10. HP: 63/63 MP: 16/23
 10934 | D:9      | Reached skill level 5 in Shields
 11296 | D:9      | Bought a cursed ring of loudness for 76 gold pieces
 11425 | D:10     | Entered Level 10 of the Dungeon
 11866 | D:10     | Reached XP level 11. HP: 63/68 MP: 24/24
 11889 | D:10     | Found a staircase to the Orcish Mines.
 11943 | D:10     | Noticed a hill giant
 11992 | D:10     | Killed a hill giant
 12649 | D:10     | You fall through a shaft for 2 floors!
 13005 | D:12     | Noticed a brown ugly thing
 13074 | D:11     | Found a staircase to the Lair.
 13080 | D:11     | Noticed an eight-headed hydra
 13084 | D:11     | Noticed an unseen horror
 13108 | D:10     | Reached skill level 10 in Shields
 13274 | D:10     | Noticed a brown ugly thing
 13879 | D:11     | Reached skill level 10 in Spellcasting
 13931 | D:11     | Noticed a hill giant
 13952 | D:11     | Killed a hill giant
 14089 | D:11     | Noticed a hill giant
 14106 | D:11     | Killed a hill giant
 14145 | D:11     | Noticed an obsidian statue
 14159 | D:11     | Got a shimmering short sword
 14209 | D:11     | Killed an eight-headed hydra
 14784 | D:11     | Killed an unseen horror
 14797 | D:11     | Noticed Gastronok
 14814 | D:11     | Killed Gastronok
 14814 | D:11     | Reached skill level 11 in Spellcasting
 14814 | D:11     | Gained mutation: You are immune to freezing clouds. [demonic ancestry]
 14814 | D:11     | Reached XP level 12. HP: 34/74 MP: 14/27
 15189 | D:11     | Noticed Grum
 15195 | D:11     | Killed Grum
 15874 | D:5      | Identified the +5 short sword "Qaeracam" {pierce, Fragile rElec rPois Str-4} (You found it on level 11 of the Dungeon)
 16022 | D:9      | Learned a level 4 spell: Airstrike
 16292 | D:12     | Reached skill level 1 in Air Magic
 16683 | D:12     | Found Yvolom's Food Shoppe.
 17394 | D:13     | Reached skill level 5 in Air Magic
 17506 | D:13     | Noticed a vault guard
 17518 | D:13     | Killed a vault guard
 17659 | D:13     | Noticed a vault guard
 18020 | D:13     | Learned a level 6 spell: Conjure Ball Lightning
 18040 | D:13     | Learned a level 4 spell: Summon Lightning Spire
 18467 | D:13     | Reached skill level 12 in Spellcasting
 18480 | D:13     | Noticed a vault guard
 18486 | D:13     | Killed a vault guard
 18513 | D:13     | Noticed Maurice
 18523 | D:13     | Killed Maurice
 18968 | D:13     | Killed a vault guard
 18968 | D:13     | Gained mutation: You are mostly covered in rough black scales (AC +7, Dex -2). [demonic ancestry]
 18968 | D:13     | Reached XP level 13. HP: 70/79 MP: 28/29
 19074 | D:13     | Noticed a vault guard
 19557 | D:11     | Reached skill level 13 in Spellcasting
 19585 | D:12     | Killed a vault guard
 19765 | D:13     | Bought the ring "Wiack" {rF+ Str+4 Int+3} for 647 gold pieces
 20436 | D:13     | Found a gate to the Vaults.
 20972 | D:9      | Bought the amulet "Cyfeer" {Inacc rPois rC+ rN+ Str+2} for 392 gold pieces
 21300 | D:14     | Reached skill level 14 in Spellcasting
 22381 | D:15     | Entered Level 15 of the Dungeon
 22480 | D:15     | Noticed Azrael
 22484 | D:15     | Killed Azrael
 22484 | D:15     | Reached skill level 15 in Spellcasting
 22708 | D:15     | HP: 1/79 [yaktaur/bolt (20)]
 23648 | D:14     | Gained mutation: You have a pair of large antennae on your head (SInv). [demonic ancestry]
 23648 | D:14     | Reached XP level 14. HP: 66/85 MP: 32/33
 23777 | D:14     | Identified a scroll of acquirement
 23814 | D:14     | Bought a runed cloak for 108 gold pieces
 23814 | D:14     | Bought a pair of embroidered boots for 108 gold pieces
 23840 | D:14     | Identified a +2 pair of boots of running (You bought it in a shop on level 14 of the Dungeon)
 24966 | D:15     | Found a staircase to the Depths.
 24983 | D:15     | Reached skill level 16 in Spellcasting
 25006 | D:15     | Learned a level 6 spell: Bolt of Fire
 26189 | D:15     | Found a portal to a secret trove of treasure.
 26273 | D:15     | Noticed Rupert
 26280 | D:15     | Killed Rupert
 26880 | D:15     | Noticed Roxanne
 27263 | D:15     | Reached skill level 17 in Spellcasting
 27404 | D:14     | Bought a pair of transparent boots for 228 gold pieces
 27415 | D:14     | Identified the +2 pair of boots of Hysteria {rF+ Str+5} (You bought it in a shop on level 14 of the Dungeon)
 27428 | D:14     | Bought a crude leather armour for 168 gold pieces
 27438 | D:14     | Identified the cursed +0 leather armour "Hobesk" {rC++ Dex-5} (You bought it in a shop on level 14 of the Dungeon)
 27454 | D:14     | Bought an encrusted scale mail for 216 gold pieces
 27464 | D:14     | Identified the +7 scale mail of Noon {rElec rF+} (You bought it in a shop on level 14 of the Dungeon)
 27695 | Orc:1    | Entered Level 1 of the Orcish Mines
 28086 | Orc:2    | Entered Level 2 of the Orcish Mines
 28185 | Orc:2    | Noticed a stone giant
 28197 | Orc:2    | Killed a stone giant
 28940 | Orc:2    | Found a staircase to the Elven Halls.
 29018 | Orc:2    | Found Noprapri's Assorted Antiques.
 29060 | Orc:2    | Bought a scroll labeled KIASILAKIS for 31 gold pieces
 30296 | Orc:2    | Reached XP level 15. HP: 79/90 MP: 1/36
 30673 | Orc:2    | Reached skill level 18 in Spellcasting
 31015 | Orc:2    | Found Laupp's Food Shop.
 31015 | Orc:2    | Found Cemy's Antique Weapon Shop.
 31016 | Orc:2    | Found Leum's General Store.
 31016 | Orc:2    | Found Ufuuvoq's Antique Weapon Boutique.
 31299 | Orc:2    | Bought a scroll of acquirement for 1612 gold pieces
 31303 | Orc:2    | Bought a potion of flight for 93 gold pieces
 31303 | Orc:2    | Bought a scroll of blinking for 232 gold pieces
 31303 | Orc:2    | Bought a potion of curing for 93 gold pieces
 31303 | Orc:2    | Bought a lumpy red potion for 27 gold pieces
 31303 | Orc:2    | Bought a scroll of teleportation for 93 gold pieces
 31303 | Orc:2    | Bought a potion of haste for 310 gold pieces
 31303 | Orc:2    | Bought a scroll of amnesia for 108 gold pieces
 31351 | Orc:2    | Bought a scroll of identify for 28 gold pieces
 31351 | Orc:2    | Bought a scroll of identify for 28 gold pieces
 31351 | Orc:2    | Bought a meat ration for 70 gold pieces
 31351 | Orc:2    | Bought a potion of curing for 42 gold pieces
 31351 | Orc:2    | Bought a potion of heal wounds for 70 gold pieces
 31354 | Orc:2    | Bought an ancient scimitar for 207 gold pieces
 31354 | Orc:2    | Bought an ichor-stained rapier for 207 gold pieces
 31358 | Orc:2    | Bought 4 fruits for 72 gold pieces
 31358 | Orc:2    | Bought 4 fruits for 72 gold pieces
 31375 | Orc:2    | Bought a meat ration for 60 gold pieces
 31375 | Orc:2    | Bought a meat ration for 60 gold pieces
 31375 | Orc:2    | Bought a meat ration for 60 gold pieces
 31375 | Orc:2    | Bought a meat ration for 60 gold pieces
 31375 | Orc:2    | Bought a meat ration for 60 gold pieces
 31375 | Orc:2    | Bought a meat ration for 60 gold pieces
 31375 | Orc:2    | Bought a meat ration for 60 gold pieces
 31375 | Orc:2    | Bought a meat ration for 60 gold pieces
 31375 | Orc:2    | Bought a bread ration for 60 gold pieces
 31375 | Orc:2    | Bought a bread ration for 60 gold pieces
 31375 | Orc:2    | Bought a bread ration for 60 gold pieces
 31526 | Lair:1   | Entered Level 1 of the Lair of Beasts
 31878 | Lair:1   | Got a scorched whip
 31919 | Lair:1   | Identified the +8 whip of Midnight {antimagic, rN+ Str+2} (You found it on level 1 of the Lair of Beasts)
 32031 | Lair:1   | Identified the cursed +1 rapier of Ekleotta {speed, Str+4} (You bought it in a shop on level 2 of the Orcish Mines)
 32108 | Lair:1   | Identified the +6 scimitar "Jellybane" {slice, rElec} (You bought it in a shop on level 2 of the Orcish Mines)
 32429 | Lair:2   | Found a frozen archway.
 32549 | IceCv    | Entered an ice cave
 34073 | Lair:2   | Noticed Harold
 34088 | Lair:2   | Killed Harold
 34247 | Lair:2   | Noticed Urug
 34256 | Lair:2   | Killed Urug
 34265 | Lair:2   | Noticed Fannar
 34268 | Lair:2   | Killed Fannar
 34620 | Lair:2   | Noticed Nergalle
 34625 | Lair:2   | Killed Nergalle
 35394 | Lair:2   | Bought a +2 pair of gloves of strength for 430 gold pieces
 35809 | Lair:3   | Reached skill level 19 in Spellcasting
 39351 | Lair:5   | Reached skill level 20 in Spellcasting
 39591 | Lair:5   | Bought a cursed amulet of inaccuracy for 34 gold pieces
 39871 | Lair:5   | Found a staircase to the Shoals.
 39987 | Lair:5   | Reached skill level 1 in Fire Magic
 39987 | Lair:5   | Gained mutation: You resist negative energy. [demonic ancestry]
 39987 | Lair:5   | Reached XP level 16. HP: 96/96 MP: 15/40
 40109 | Lair:6   | Noticed Snorg
 40142 | Lair:6   | Killed Snorg
 41451 | Lair:6   | Found a hole to the Spider Nest.
 42050 | Lair:7   | Reached skill level 5 in Fire Magic
 45921 | Lair:8   | Entered Level 8 of the Lair of Beasts
 46852 | Lair:7   | Reached skill level 10 in Fire Magic
 48629 | Lair:8   | Found a snail-covered altar of Cheibriados.
 49511 | Lair:8   | Learned a level 5 spell: Iskenderun's Battlesphere
 49516 | Lair:8   | Learned a level 4 spell: Iskenderun's Mystic Blast
 49532 | Lair:8   | Found a viscous altar of Jiyva.
 49534 | Lair:8   | Found a staircase to the Slime Pits.
 50255 | D:15     | Reached XP level 17. HP: 101/101 MP: 28/41
 50584 | Elf:1    | Entered Level 1 of the Elven Halls
 50607 | Elf:1    | Found Hevymix's Magic Scroll Shoppe.
 50701 | Elf:1    | Bought a scroll of acquirement for 676 gold pieces
 50703 | Elf:1    | Bought a scroll of immolation for 45 gold pieces
 50703 | Elf:1    | Bought a scroll of teleportation for 39 gold pieces
 50703 | Elf:1    | Bought a scroll of immolation for 45 gold pieces
 50703 | Elf:1    | Bought a scroll of teleportation for 39 gold pieces
 50703 | Elf:1    | Bought a scroll of identify for 26 gold pieces
 50803 | Elf:1    | Found a magical portal.
 50849 | WizLab   | Entered Wucad Mu's Monastery
 51718 | Elf:1    | Got a scorched war axe
 51719 | Elf:1    | Identified the +9 war axe "Enerehe" {chop, +Rage MR- Str-3 SInv} (You found it on level 1 of the Elven Halls)
 51890 | Elf:1    | Reached skill level 10 in Air Magic
 52657 | Elf:3    | Entered Level 3 of the Elven Halls
 52751 | Elf:3    | Found Kedeva's Gadget Shoppe.
 53362 | Elf:3    | Noticed a deep elf blademaster
 53662 | Elf:3    | Killed a deep elf blademaster
 53888 | Elf:3    | Got a distressingly furry scale mail
 53889 | Elf:3    | Identified the +1 scale mail "Kexzad" {rF+ Str+3} (You took it off a deep elf blademaster on level 3 of the Elven Halls)
 54160 | Elf:3    | Upgraded the game from 0.18.0-1-g0107ab7 to 0.18.0-2-g198d6d4
 54424 | Elf:3    | Noticed a Brimstone Fiend
 54436 | Elf:3    | Killed from afar by a Brimstone Fiend

Skill      XL: |  1  2  3  4  5  6  7  8  9 10 11 12 13 14 15 16 17 |
---------------+----------------------------------------------------+-----
Conjurations   | 2 3 4 6 8 10 11 | 11.6
Spellcasting   | 4 5 6 8 9 11 12 15 17 20 | 20.0
Shields        | 1 8 10 | 10.1
Air Magic      | 6 8 12 | 12.4
Fire Magic     | 1 10 | 10.0
Dodging        | |  1.7
Stealth        | |  1.7
Summonings     | |  1.0
Translocations | |  0.8

Action                   |  1- 3 |  4- 6 |  7- 9 | 10-12 | 13-15 | 16-18 || total
-------------------------+-------+-------+-------+-------+-------+-------++-------
Melee: Spear             |    31 |    74 |     4 |       |       |       ||   109
       Long sword        |       |       |    49 |   216 |       |       ||   265
       Whip              |       |       |     5 |       |       |       ||     5
       Short sword       |       |       |       |   117 |   485 |   276 ||   878
 Fire: Hunting sling     |       |       |   151 |   159 |       |       ||   310
 Cast: Magic Dart        |    78 |   119 |   184 |   383 |   583 |   212 ||  1559
       Repel Missiles    |     2 |       |       |       |     3 |       ||     5
       Mephitic Cloud    |     2 |    11 |    17 |    47 |    29 |    12 ||   118
       Blink             |     1 |     6 |     5 |    21 |    71 |    41 ||   145
       Conjure Flame     |       |       |    14 |    50 |    22 |       ||    86
       Conjure Ball Ligh |       |       |       |    16 |   228 |    96 ||   340
       Airstrike         |       |       |       |     5 |    99 |   215 ||   319
       Bolt of Fire      |       |       |       |       |     3 |    36 ||    39
       Summon Lightning  |       |       |       |       |     3 |       ||     3
       Iskenderun's Batt |       |       |       |       |       |    42 ||    42
       Iskenderun's Myst |       |       |       |       |       |    53 ||    53
Invok: Call Merchant     |       |       |       |     3 |     3 |     2 ||     8
Evoke: Wand              |       |       |     4 |    21 |    13 |     2 ||    40
       Deck              |       |       |       |     9 |     2 |       ||    11
  Use: Scroll            |     4 |     6 |     7 |    14 |    21 |     7 ||    59
       Potion            |       |     4 |     1 |     3 |       |     8 ||    16
 Stab: Confused          |     1 |     7 |       |     6 |     1 |       ||    15
       Sleeping          |       |       |     3 |     1 |     1 |     1 ||     6
       Distracted        |       |       |       |     1 |     7 |     1 ||     9
       Invisible         |       |       |       |       |       |     2 ||     2
  Eat: Chunk             |     4 |     8 |     3 |       |       |       ||    15
       Beef jerky        |       |       |     3 |     3 |     1 |     1 ||     8
       Royal jelly       |       |       |     2 |     2 |       |     1 ||     5
       Bread ration      |       |       |     2 |     3 |    14 |     4 ||    23
       Fruit             |       |       |       |    16 |     8 |    15 ||    39
       Pizza             |       |       |       |       |     2 |     2 ||     4
       Meat ration       |       |       |       |       |     1 |     1 ||     2
Armor: Robe              |     7 |    20 |    27 |   133 |   229 |    98 ||   514
Dodge: Dodged            |    22 |    46 |    41 |   173 |   280 |   142 ||   704
       Deflected         |     3 |       |       |     9 |    21 |     6 ||    39
Block: Other             |    14 |    17 |    19 |       |       |       ||    50
       Reflection        |     3 |     1 |     1 |    19 |    59 |    18 ||   101
       Buckler           |       |       |     7 |   285 |   432 |   297 ||  1021
